 Seeded DCSS version 0.30-a0-924-g0ad0bf95bc (webtiles) character file.

Game seed: 31337 (custom seed)

859 Pimp the Ducker (level 8, 0/62 HPs)
             Began as a Merfolk Gladiator on Mar 22, 2023.
             Succumbed to a water moccasin's poison
             ... on level 5 of the Dungeon.
             The game lasted 00:07:47 (4423 turns).

Pimp the Ducker (Merfolk Gladiator)                 Turns: 4423, Time: 00:07:47

Health: 0/62       AC: 10    Str: 16    XL:     8   Next: 2%
Magic:  8/8        EV: 13    Int:  8    God:
Gold:   175        SH:  0    Dex: 15    Spells: 7/7 levels left

rFire   . . .      SeeInvis .    a - +1 trident
rCold   . . .      Faith    .    (no shield)
rNeg    . . .      Spirit   .    f - +0 ring mail
rPois   +          Reflect  .    B - +0 helmet
rElec   .          Rampage  .    q - +2 cloak
rCorr   .                        (no gloves)
Will    .....                    w - +0 pair of boots
Stlth   +                        (no amulet)
HPRegen 0.30/turn                u - ring of poison resistance
MPRegen 0.11/turn                m - ring of flight

@: lethally poisoned (0 -> -5), flying
A: (nimble swimmer 2), mertail
a: no special abilities


You were on level 5 of the Dungeon.
You visited 1 branch of the dungeon, and saw 5 of its levels.

You collected 175 gold pieces.

Inventory:

Hand Weapons
 a - a +1 trident (weapon)
Missiles
 d - 4 throwing nets (quivered)
 e - a javelin
Armour
 b - a +0 leather armour
 c - a +0 helmet
 f - a +0 ring mail (worn)
 q - a +2 cloak (worn)
 w - a +0 pair of boots (worn)
 B - a +0 helmet (worn)
Jewellery
 m - a ring of flight (right hand)
 u - a ring of poison resistance (left hand)
 y - an amulet of magic regeneration
Scrolls
 j - 2 scrolls of teleportation
 l - 3 scrolls of identify
 s - 3 scrolls of amnesia
 v - 2 scrolls of fog {unknown}
 x - 2 scrolls of fear
 C - a scroll of immolation
Potions
 g - 2 potions of mutation {unknown}
 h - 2 potions of curing
 i - 3 potions of degeneration {unknown}
 k - a potion of attraction {unknown}
 n - a potion of berserk rage {unknown}
 o - 3 potions of haste {unknown}
 p - 2 potions of heal wounds {unknown}
 r - a potion of ambrosia {unknown}
 t - 3 potions of flight {unknown}
 z - a potion of experience {unknown}
 A - a potion of resistance {unknown}


   Skills:
 + Level 5.2 Fighting
 + Level 7.0 Polearms
 + Level 4.7 Throwing
 + Level 7.0 Dodging


You had 7 spell levels left.
You didn't know any spells.
Your spell library contained the following spells:

 Spells                   Type           Power      Damage    Failure   Level
 Necrotise                Necr           0%         1d4       63%         1
 Anguish                  Hex/Necr       0%         N/A       100%        4
 Passage of Golubria      Tloc           0%         N/A       100%        4
 Silence                  Hex/Air        0%         N/A       100%        5
 Discord                  Hex            0%         N/A       100%        8
 Lehudib's Crystal Spear  Conj/Erth      0%         10d2      100%        8
 Chain Lightning          Conj/Air       0%         N/A       100%        9
 Fire Storm               Conj/Fire      0%         5d1       100%        9
 Shatter                  Erth           0%         3d5*      100%        9


Dungeon Overview and Level Annotations

Branches:
Dungeon (5/15)
 Temple: D:4-7

Altars:
Fedhas
Hepliaklqana


Innate Abilities, Weirdness & Mutations

((You are very nimble when in or above water. (Stealth+, EV+, Speed+++)))
Your lower body shifts to a powerful aquatic tail in water.


Message History

You miss the water moccasin.
The water moccasin is moderately wounded.
The water moccasin bites you.
* * * LOW HITPOINT WARNING * * *
You completely miss the water moccasin.
The water moccasin is moderately wounded.
The water moccasin barely misses you.
You barely miss the water moccasin.
The water moccasin is moderately wounded.
The water moccasin bites you but does no damage.
The water moccasin barely misses you.
You closely miss the water moccasin.
The water moccasin is moderately wounded.
The water moccasin bites you but does no damage.
You barely miss the water moccasin.
The water moccasin is moderately wounded.
The water moccasin barely misses you.
You barely miss the water moccasin.
The water moccasin is moderately wounded.
The water moccasin bites you.
* * * LOW HITPOINT WARNING * * *
You are lethally poisoned!
The water moccasin poisons you! The water moccasin barely misses you.
You miss the water moccasin.
The water moccasin is moderately wounded.
* * * LOW HITPOINT WARNING * * *
You feel very sick. The water moccasin barely misses you.
You hit the water moccasin.
The water moccasin is heavily wounded.
* * * LOW HITPOINT WARNING * * *
You feel sick. The water moccasin misses you.
You barely miss the water moccasin.
The water moccasin is heavily wounded.
* * * LOW HITPOINT WARNING * * *
You feel sick. The water moccasin misses you.
The water moccasin closely misses you.
You closely miss the water moccasin.
The water moccasin is heavily wounded.
You die...

### ... ##.# ## ... #
.# ##########.#..###
.# .........@S......
.# .........#..#....
.# .........#### # .#
#######'##
##########.....###
......................
.###'#####.###########
.#.........#
.#....######


You could see a water moccasin.

Vanquished Creatures
  A water moccasin (D:5)
  A black bear (D:4)
  2 scorpions
  A howler monkey (D:4)
  6 hounds
  2 orc priests (D:4)
  A jelly (D:5)
  Terence (D:2)
  Jessica (D:3)
  2 iguanas (D:5)
  5 adders
  An ufetubus (D:5)
  2 dart slugs
  14 orcs
  2 endoplasms
  7 giant cockroaches
  6 goblins
  9 hobgoblins
  6 jackals
  4 kobolds
  3 ball pythons
  5 bats
  9 rats
  A spectral hobgoblin (D:4)
92 creatures vanquished.

Notes
Turn   | Place    | Note
-------+----------+-------------------------------------------
     0 | D:1      | Pimp the Merfolk Gladiator began the quest for the Orb.
     0 | D:1      | Reached XP level 1. HP: 16/16 MP: 1/1
   213 | D:1      | Reached XP level 2. HP: 17/23 MP: 2/2
   597 | D:1      | Reached XP level 3. HP: 28/28 MP: 3/3
  1230 | D:2      | Noticed Terence
  1248 | D:2      | Killed Terence
  1249 | D:2      | Reached XP level 4. HP: 27/35 MP: 4/4
  1441 | D:3      | Found a faded altar of an unknown god.
  1690 | D:3      | Noticed Jessica
  1695 | D:3      | Killed Jessica
  1696 | D:3      | Reached skill level 5 in Dodging
  1703 | D:3      | Reached skill level 5 in Polearms
  1726 | D:3      | Reached XP level 5. HP: 41/41 MP: 5/5
  2380 | D:4      | Found a blossoming altar of Fedhas.
  2593 | D:4      | Reached XP level 6. HP: 37/48 MP: 6/6
  2752 | D:4      | Found a hazy altar of Hepliaklqana.
  3014 | D:4      | Noticed a black bear
  3023 | D:4      | Killed a black bear
  3024 | D:4      | Reached XP level 7. HP: 50/55 MP: 7/7
  3585 | D:5      | Entered Level 5 of the Dungeon
  3803 | D:5      | Reached skill level 5 in Fighting
  4048 | D:5      | Got Mijy's Compilation of Lamentation and Interference
  4366 | D:5      | Reached XP level 8. HP: 62/62 MP: 8/8
  4422 | D:5      | HP: 2/62 [poisoned by a water moccasin]
  4423 | D:5      | Succumbed to a water moccasin's poison

Illustrated notes

Levels and vault maps discovered:
D:1:      psy_arrival_fountain, layout_loops_ring, minivault_27,
          minmay_worlds_worst_comb
D:2:      layout_basic, uniq_terence
D:3:      layout_basic, shapermc_ecumenical_altar_ellora, minmay_liquid_box,
          hangedman_decor_diamond_cutter, roderic_lattice_a,
          chequers_serial_rivers_small_b, minivault_5, uniq_jessica
D:4:      layout_cave_pods, nicolae_hepliaklqana_monster_ancestors,
          mainiacjoe_overflow_surrounded_room
D:5:      layout_basic, palyth_stone_intersect

Skill      XL: |  1  2  3  4  5  6  7 |
---------------+----------------------+-----
Fighting       | 3 4 5 |  5.2
Throwing       | 3 4 |  4.7
Dodging        | 5 6 7 |  7.0
Polearms       | 5 6 7 |  7.0

Action                     |  1- 3 |  4- 6 |  7- 9 || total
---------------------------+-------+-------+-------++-------
  Melee: Trident           |   116 |   135 |   135 ||   386
         Punch             |     1 |     1 |     2 ||     4
    Use: Scroll            |       |     8 |       ||     8
 Armour: Ring mail         |    61 |    74 |    53 ||   188
  Dodge: Dodged            |   100 |   125 |   105 ||   330

Table legend: (Time is in decaauts)
 A = Elapsed time spent in this place.
 B = Non-inter-level travel time spent in this place.
 C = Inter-level travel time spent in this place.
 D = Time resting spent in this place.
 E = Time spent auto-exploring this place.
 F = Levels seen in this place.
 G = Mean time per level.
                   A        B        C        D        E       F      G
               +--------+--------+--------+--------+--------+-----+--------+
         Total |   4425 |   4281 |    144 |    140 |   3181 |   5 |  885.0 |
       Dungeon |   4425 |   4281 |    144 |    140 |   3181 |   5 |  885.0 |
               +--------+--------+--------+--------+--------+-----+--------+

Top non-repeatable levels by time:
     D:4: 1216 daAuts
     D:3: 948 daAuts
     D:1: 871 daAuts
     D:5: 833 daAuts
     D:2: 556 daAuts
